 Dungeon Crawl Stone Soup version 0.29-a0-409-gd843f3a48c (webtiles) character file.

Game seed: 10172888892947062555

89 Sabo the Skirmisher (level 4, 0/29 HPs)
             Began as a Gargoyle Fighter on May 14, 2022.
             Killed by divine providence
             ... invoked by an orc priest
              (10 damage)
             ... on level 3 of the Dungeon.
             The game lasted 00:13:25 (2507 turns).

Sabo the Skirmisher (Gargoyle Fighter)              Turns: 2507, Time: 00:13:25

Health: 0/29       AC: 15    Str: 20    XL:     4   Next: 55%
Magic:  0/4        EV:  5    Int: 10    God:
Gold:   89         SH:  4    Dex:  9    Spells: 3/3 levels left

rFire   . . .      SeeInvis .   a - +0 flail
rCold   . . .      Faith    .   c - +0 buckler
rNeg    + . .      Spirit   +   r - +0 plate armour {Will+}
rPois   ∞          Reflect  .   (no helmet)
rElec   +          Harm     .   (no cloak)
rCorr   .          Rampage  .   (no gloves)
Will    +....                   (no boots)
Stlth   ..........              e - amulet of guardian spirit
HPRegen 0.09/turn               (no ring)
MPRegen 0.09/turn               (no ring)

@: mighty
A: sickness immunity, AC +3, negative energy resistance 1, electricity
resistance, torment resistance 1, petrification resistance
a: no special abilities


You were on level 3 of the Dungeon.
You visited 1 branch of the dungeon, and saw 3 of its levels.

You collected 89 gold pieces.

Inventory:

Hand Weapons
 a - a +0 flail (weapon)
 s - a +0 quarterstaff of pain
 w - a +1 short sword of holy wrath
Missiles
 u - 5 javelins (quivered)
Armour
 b - a +0 scale mail
 c - a +0 buckler (worn)
 r - a +0 plate armour of willpower (worn)
Jewellery
 e - an amulet of guardian spirit (around neck)
Scrolls
 j - a scroll of magic mapping {unknown}
 l - 2 scrolls of teleportation {unknown}
Potions
 f - a potion of haste {unknown}
 g - a potion of curing {unknown}
 i - a potion of mutation {unknown}
 m - a potion of magic {unknown}
 n - 3 potions of heal wounds {unknown}
 o - a potion of ambrosia {unknown}
 p - 2 potions of resistance {unknown}
 q - 2 potions of cancellation {unknown}
 v - a potion of brilliance {unknown}


   Skills:
 + Level 4.0 Fighting
 + Level 3.1 Maces & Flails
 + Level 3.8 Armour
 + Level 0.8 Dodging
 + Level 0.9 Stealth
 + Level 3.4 Shields


You had 3 spell levels left.
You didn't know any spells.
Your spell library contained the following spells:

 Spells                   Type           Power      Damage    Failure   Level
 Sting                    Tmut/Pois      0%         1d3       100%        1
 Poisonous Vapours        Pois/Air       0%         N/A       100%        2
 Conjure Flame            Conj/Fire      0%         6-21      100%        3
 Ignite Poison            Fire/Tmut/Pois 0%         N/A       100%        3
 Olgreb's Toxic Radiance  Pois           0%         N/A       100%        4
 Sticky Flame             Conj/Fire      0%         2d3       100%        4


Dungeon Overview and Level Annotations

Branches:
Dungeon (3/15)

Altars:
Cheibriados


Innate Abilities, Weirdness & Mutations

You are immune to sickness and miasma.
Your stone body is resilient. (AC +3)
You are immune to poison.
You resist negative energy. (rN+)
You are resistant to electric shocks. (rElec)
You are resistant to unholy torment.
You are immune to petrification.


Message History

a +0 club; a +0 leather armour; an orc corpse You closely miss something.
You hear some strange, mumbled words.
A puff of flame appears from out of thin air!
The puff of flame hits you but does no damage.
The orc hits you with a +0 short sword. The orc hits you but does no damage.
The orc priest hits you but does no damage.
You barely miss something. Something completely misses you.
You block the orc's attack.
The orc priest hits you but does no damage.
The orc hits you but does no damage.
You miss something.
You hear some strange, mumbled words.
Something tries to affect you, but you resist.
The orc closely misses you. The orc priest hits you with a +0 club.
The orc hits you with a +0 club. The orc hits you but does no damage.
The orc priest hits you but does no damage.
Something hits you but does no damage. The orc hits you with a +0 short sword.
You closely miss the orc priest.
The orc priest is moderately wounded.
Something hits you. The orc hits you but does no damage.
The orc priest hits you with a +0 club. The orc completely misses you.
You barely miss the orc priest.
The orc priest is moderately wounded.
Something hits you but does no damage. The orc hits you with a +0 short sword.
The orc hits you but does no damage. You block the orc priest's attack.
You completely miss the orc priest.
The orc priest is moderately wounded.
Something hits you but does no damage. The orc hits you but does no damage.
You block the orc's attack.
The orc priest hits you but does no damage.
The orc completely misses you.
The orc priest hits you but does no damage.
Something hits you but does no damage. You block the orc's attack.
You sock the orc priest!
The orc priest is almost dead.
Something hits you. The orc hits you but does no damage. x2
The orc priest mumbles some strange prayers to Beogh against you.
Beogh smites you!
You die...

### #.# #<#
###.. #.# ...#
#.# #..# #.#
#..##### #.###
#..#...# #....
#.o#...####
#####
#>.@{......
#.o#o.....#
#..#......##.#
#..#......##.#
#..#.........#
#..#....#....#
##..#....#
...#
+...#....# #.#
. ##.##
#####.#


You could see an orc priest and 2 orcs.

Vanquished Creatures
  4 adders
  3 dart slugs
  3 orcs
  5 ball pythons
  4 bats
  An endoplasm (D:2)
  2 giant cockroaches
  4 goblins
  A hobgoblin (D:1)
  5 jackals
  3 kobolds
  4 quokkas
  2 frilled lizards (D:2)
  A rat (D:1)
42 creatures vanquished.

Notes
Turn   | Place    | Note
-------+----------+-------------------------------------------
     0 | D:1      | Sabo the Gargoyle Fighter began the quest for the Orb.
     0 | D:1      | Reached XP level 1. HP: 14/14 MP: 1/1
   412 | D:1      | Reached XP level 2. HP: 19/19 MP: 2/2
  1131 | D:2      | Reached XP level 3. HP: 21/24 MP: 3/3
  1917 | D:2      | Reached skill level 4 in Fighting
  1917 | D:2      | Reached XP level 4. HP: 28/29 MP: 4/4
  2216 | D:3      | Found a snail-covered altar of Cheibriados.
  2507 | D:3      | Killed from afar by an orc priest

Illustrated notes

Levels and vault maps discovered:
D:1:      amcnicky_arrival_double_pillar, layout_loops_ring
D:2:      layout_basic, minmay_misc_feat_ornament,
          corexii_item_surrounded_by_moat
D:3:      layout_basic, cheibriados_altar_1

Skill      XL: |  1  2  3  4 |
---------------+-------------+-----
Fighting       | 4 |  4.0
Maces & Flails | 3 |  3.1
Armour         | |  3.8
Dodging        | |  0.8
Stealth        | |  0.9
Shields        | |  3.4

Action                   |  1- 3 |  4- 6 || total
-------------------------+-------+-------++-------
Melee: Flail             |   141 |    47 ||   188
  Use: Scroll            |       |     5 ||     5
       Potion            |       |     1 ||     1
Armor: Scale mail        |    21 |       ||    21
       Plate armour      |    86 |    55 ||   141
Dodge: Dodged            |    57 |    16 ||    73
Block: Buckler           |    27 |    15 ||    42

Table legend: (Time is in decaauts)
 A = Elapsed time spent in this place.
 B = Non-inter-level travel time spent in this place.
 C = Inter-level travel time spent in this place.
 D = Time resting spent in this place.
 E = Time spent auto-exploring this place.
 F = Levels seen in this place.
 G = Mean time per level.
                   A        B        C        D        E       F      G
               +--------+--------+--------+--------+--------+-----+--------+
         Total |   2566 |   2566 |      0 |    545 |      0 |   3 |  855.3 |
       Dungeon |   2566 |   2566 |      0 |    545 |      0 |   3 |  855.3 |
               +--------+--------+--------+--------+--------+-----+--------+

Top non-repeatable levels by time:
     D:1: 1086 daAuts
     D:2: 1033 daAuts
     D:3: 446 daAuts
